3L
SEATTLE AVIATORS @ PHILADELPHIA 1776 BC
09/16/2025
 
TOP OF THE 1ST
Seattle Aviators batting - Pitching for Philadelphia 1776 BC : RHP Pedro Rodríguez
Pitching: RHP Pedro Rodríguez
Batting: RHB Bobby Christopher 0-0: Foul Ball, location: 2F
0-1: Fly out, F4 (Popup, 4)
Batting: LHB Jorge Mojica 0-0: Ball
1-0: Called Strike
1-1: Called Strike
1-2: Foul Ball, location: 2F
1-2: Ball
2-2: Ball
3-2: Ground out 4-3 (Groundball, 4M)
Batting: RHB Jay Parker 0-0: Ball
1-0: Ball
2-0: Called Strike
2-1: Swinging Strike
2-2: Foul Ball, location: 2F
2-2: Strikes out swinging
Top of the 1st over - 0 run(s), 0 hit(s), 0 error(s), 0 left on base; Seattle 0 - Philadelphia 1776 0
BOTTOM OF THE 1ST
Philadelphia 1776 BC batting - Pitching for Seattle Aviators : RHP Ron Stone
Pitching: RHP Ron Stone
Batting: RHB Jesús Orozco 0-0: Ball
1-0: Ball
2-0: Ball
3-0: Base on Balls
Batting: RHB Patrizio Vanali 0-0: Called Strike
0-1: Ground out U3 (Groundball, 34)
Jesús Orozco to second
Batting: RHB Dave Morris 0-0: Called Strike
0-1: Foul Ball, location: 2F
0-2: Strikes out looking
Batting: RHB Russell Jackson 0-0: Called Strike
0-1: Swinging Strike
0-2: Fly out, F7 (Flyball, 7)
Bottom of the 1st over - 0 run(s), 0 hit(s), 0 error(s), 1 left on base; Seattle 0 - Philadelphia 1776 0
TOP OF THE 2ND
Seattle Aviators batting - Pitching for Philadelphia 1776 BC : RHP Pedro Rodríguez
Batting: LHB Kenny Webster 0-0: Called Strike
0-1: Foul Ball, location: 2F
0-2: Ball
1-2: Ball
2-2: Strikes out swinging
Batting: RHB Sean Davis 0-0: Swinging Strike
0-1: Ball
1-1: Ground out 1-3 (Groundball, P)
Batting: RHB Tynan Hawkins 0-0: Called Strike
0-1: Fly out, F8 (Line Drive, 8LM)
Top of the 2nd over - 0 run(s), 0 hit(s), 0 error(s), 0 left on base; Seattle 0 - Philadelphia 1776 0
BOTTOM OF THE 2ND
Philadelphia 1776 BC batting - Pitching for Seattle Aviators : RHP Ron Stone
Batting: LHB Tony Vega 0-0: Called Strike
0-1: Ball
1-1: Ball
2-1: Ground out 4-3 (Groundball, 4)
Batting: LHB Cliff Aldridge 0-0: Called Strike
0-1: Ball
1-1: SINGLE (Line Drive, 6D)
Batting: RHB Donald Thompson 0-0: Ball
1-0: Swinging Strike
1-1: Called Strike
1-2: Ball
2-2: SINGLE (Line Drive, 9LS)
Cliff Aldridge to second
Batting: SHB Jesús Cabańe 0-0: Ball
1-0: Called Strike
1-1: Called Strike
1-2: Strikes out swinging
Batting: RHB Greg Robinson 0-0: Called Strike
0-1: Foul Ball, location: 2F
0-2: Ball
1-2: Strikes out swinging
Bottom of the 2nd over - 0 run(s), 2 hit(s), 0 error(s), 2 left on base; Seattle 0 - Philadelphia 1776 0
TOP OF THE 3RD
Seattle Aviators batting - Pitching for Philadelphia 1776 BC : RHP Pedro Rodríguez
Batting: RHB Vernon Caw 0-0: Called Strike
0-1: Swinging Strike
0-2: Strikes out swinging
Batting: RHB John MacGregor 0-0: Ball
1-0: Foul Ball, location: 2F
1-1: SINGLE (Groundball, 5S) (infield hit)
Batting: RHB Clarence Fox 0-0: Called Strike
0-1: Foul Ball, location: 2F
0-2: Ball
1-2: Foul Ball, location: 2F
1-2: Ball
2-2: Foul Ball, location: 2F
2-2: Foul Ball, location: 2F
2-2: Ball
3-2: DOUBLE (Flyball, 8RD)
John MacGregor to third
Runner from 3rd tries for Home, SAFE, no throw
Batting: RHB Bobby Christopher 0-0: Called Strike
0-1: Ball
1-1: Ground out 4-3 (Groundball, 4M)
Clarence Fox to third
Batting: LHB Jorge Mojica 0-0: Ball
1-0: Ground out U3 (Groundball, 3)
Top of the 3rd over - 1 run(s), 2 hit(s), 0 error(s), 1 left on base; Seattle 1 - Philadelphia 1776 0
BOTTOM OF THE 3RD
Philadelphia 1776 BC batting - Pitching for Seattle Aviators : RHP Ron Stone
Batting: RHB Jesús Orozco 0-0: Called Strike
0-1: Swinging Strike
0-2: Ball
1-2: Ball
2-2: Foul Ball, location: 2F
2-2: Foul Ball, location: 2F
2-2: Ground out 6-3 (Groundball, 6M)
Batting: RHB Patrizio Vanali 0-0: Foul Ball, location: 2F
0-1: Ball
1-1: Foul Ball, location: 2F
1-2: Ground out 4-3 (Groundball, 34)
Batting: RHB Dave Morris 0-0: Called Strike
0-1: Ball
1-1: Ball
2-1: Ball
3-1: Reached via error on a dropped throw, E3
Batting: RHB Russell Jackson 0-0: Foul Ball, location: 2F
0-1: Foul Ball, location: 2F
0-2: Ball
1-2: Ground out 1-3 (Groundball, 15S)
Bottom of the 3rd over - 0 run(s), 0 hit(s), 1 error(s), 1 left on base; Seattle 1 - Philadelphia 1776 0
TOP OF THE 4TH
Seattle Aviators batting - Pitching for Philadelphia 1776 BC : RHP Pedro Rodríguez
Batting: RHB Jay Parker 0-0: Called Strike
0-1: Called Strike
0-2: Ball
1-2: Ball
2-2: Strikes out swinging
Batting: LHB Kenny Webster 0-0: Called Strike
0-1: Fly out, F1 (Line Drive, 15)
Batting: RHB Sean Davis 0-0: Ball
1-0: Called Strike
1-1: Ball
2-1: Fly out, F9 (Flyball, 89S)
Top of the 4th over - 0 run(s), 0 hit(s), 0 error(s), 0 left on base; Seattle 1 - Philadelphia 1776 0
BOTTOM OF THE 4TH
Philadelphia 1776 BC batting - Pitching for Seattle Aviators : RHP Ron Stone
Batting: LHB Tony Vega 0-0: Ball
1-0: Ball
2-0: Ball
3-0: Base on Balls
Batting: LHB Cliff Aldridge 0-0: Ball
Tony Vega is caught stealing 2nd base
1-0: Swinging Strike
1-1: Foul Ball, location: 2F
1-2: Foul Ball, location: 2F
1-2: Fly out, F9 (Flyball, 9D)
Batting: RHB Donald Thompson 0-0: Ground out 6-3 (Groundball, 6MD)
Bottom of the 4th over - 0 run(s), 0 hit(s), 0 error(s), 0 left on base; Seattle 1 - Philadelphia 1776 0
TOP OF THE 5TH
Seattle Aviators batting - Pitching for Philadelphia 1776 BC : RHP Pedro Rodríguez
Batting: RHB Tynan Hawkins 0-0: Fly out, F8 (Flyball, 78M)
Batting: RHB Vernon Caw 0-0: Foul Ball, location: 2F
0-1: Foul Ball, location: 2F
0-2: Ball
1-2: Strikes out swinging
Batting: RHB John MacGregor 0-0: Swinging Strike
0-1: Foul Ball, location: 2F
0-2: Foul Ball, location: 2F
0-2: Ball
1-2: Fly out, F9 (Flyball, 89S)
Top of the 5th over - 0 run(s), 0 hit(s), 0 error(s), 0 left on base; Seattle 1 - Philadelphia 1776 0
BOTTOM OF THE 5TH
Philadelphia 1776 BC batting - Pitching for Seattle Aviators : RHP Ron Stone
Batting: SHB Jesús Cabańe 0-0: SOLO HOME RUN (Line Drive, 9LD), Distance : 340 ft
Batting: RHB Greg Robinson 0-0: Ground out 5-3 (Groundball, 56)
Batting: RHB Jesús Orozco 0-0: Ball
1-0: Ball
2-0: Ball
3-0: Called Strike
3-1: Swinging Strike
3-2: Fly out, F9 (Flyball, 9S)
Batting: RHB Patrizio Vanali 0-0: Foul Ball, location: 2F
0-1: Fly out, F8 (Flyball, 8LS)
Bottom of the 5th over - 1 run(s), 1 hit(s), 0 error(s), 0 left on base; Seattle 1 - Philadelphia 1776 1
TOP OF THE 6TH
Seattle Aviators batting - Pitching for Philadelphia 1776 BC : RHP Pedro Rodríguez
Batting: RHB Clarence Fox 0-0: Swinging Strike
0-1: Ball
1-1: Ball
2-1: Ball
3-1: Swinging Strike
3-2: Base on Balls
Batting: RHB Bobby Christopher 0-0: Ball
1-0: Bunted foul
1-1: Ball
2-1: Sac Bunt - play at first, batter OUT! 1-4
Clarence Fox to second
Batting: LHB Jorge Mojica 0-0: Called Strike
0-1: Ball
Clarence Fox is caught stealing 3rd base
1-1: Ball
2-1: Ball
3-1: Base on Balls
Batting: RHB Jay Parker 0-0: Foul Ball, location: 2F
0-1: Foul Ball, location: 2F
0-2: Foul Ball, location: 2F
0-2: Ball
1-2: SINGLE (Groundball, 6MD)
Jorge Mojica to second
Runner from 2nd tries for 3rd, SAFE, no throw
Batting: LHB Kenny Webster 0-0: Called Strike
0-1: Ball
1-1: Ball
2-1: DOUBLE (Line Drive, 78D)
Jorge Mojica scores
Jay Parker to third
Runner from 3rd tries for Home, SAFE, no throw
Batting: RHB Sean Davis 0-0: Called Strike
0-1: Swinging Strike
0-2: Foul Ball, location: 2F
0-2: Ball
1-2: Foul Ball, location: 2F
1-2: SINGLE (Flyball, 9S)
Kenny Webster to third
Runner from 3rd tries for Home, SAFE, no throw
Pitching: RHP Ken Frost
Batting: RHB Tynan Hawkins 0-0: Called Strike
0-1: Swinging Strike
0-2: Foul Ball, location: 2F
0-2: Ball
Sean Davis steals 2nd base
1-2: Strikes out swinging
Top of the 6th over - 3 run(s), 3 hit(s), 0 error(s), 1 left on base; Seattle 4 - Philadelphia 1776 1
BOTTOM OF THE 6TH
Philadelphia 1776 BC batting - Pitching for Seattle Aviators : RHP Ron Stone
Batting: RHB Dave Morris 0-0: Foul Ball, location: 2F
0-1: Ball
1-1: Ball
2-1: Ground out 5-3 (Groundball, 56S)
Batting: RHB Russell Jackson 0-0: Called Strike
0-1: Foul Ball, location: 2F
0-2: Ball
1-2: SINGLE (Flyball, 6MD)
Batting: LHB Tony Vega 0-0: Foul Ball, location: 2F
0-1: Fly out, F9 (Line Drive, 9)
Batting: LHB Cliff Aldridge 0-0: Ball
1-0: Ball
2-0: Called Strike
2-1: Ball
3-1: Called Strike
3-2: Foul Ball, location: 2F
3-2: Foul Ball, location: 2F
3-2: Foul Ball, location: 2F
3-2: Strikes out looking
Bottom of the 6th over - 0 run(s), 1 hit(s), 0 error(s), 1 left on base; Seattle 4 - Philadelphia 1776 1
TOP OF THE 7TH
Seattle Aviators batting - Pitching for Philadelphia 1776 BC : RHP Ken Frost
Batting: RHB Vernon Caw 0-0: Ball
1-0: Ball
2-0: Ball
3-0: Base on Balls
Batting: RHB John MacGregor 0-0: Bunted foul
0-1: Ball
1-1: Ball
2-1: Ball
3-1: Ball
Vernon Caw to second
Batting: RHB Clarence Fox 0-0: Ball
1-0: Ball
2-0: Sac Bunt - play at first, batter OUT! 5-3
Vernon Caw to third
John MacGregor to second
Batting: RHB Bobby Christopher 0-0: Called Strike
0-1: Ball
1-1: Foul Ball, location: 2F
1-2: Strikes out looking
Batting: LHB Jorge Mojica 0-0: Foul Ball, location: 2F
0-1: Fly out, F3 (Line Drive, 3)
Top of the 7th over - 0 run(s), 0 hit(s), 0 error(s), 2 left on base; Seattle 4 - Philadelphia 1776 1
BOTTOM OF THE 7TH
Philadelphia 1776 BC batting - Pitching for Seattle Aviators : RHP Ron Stone
Batting: RHB Donald Thompson 0-0: Swinging Strike
0-1: Ground out 6-3 (Groundball, 6)
Batting: SHB Jesús Cabańe 0-0: Ball
1-0: Fly out, F7 (Flyball, 78M)
Batting: RHB Greg Robinson 0-0: Foul Ball, location: 2F
0-1: Foul Ball, location: 2F
0-2: Strikes out swinging
Bottom of the 7th over - 0 run(s), 0 hit(s), 0 error(s), 0 left on base; Seattle 4 - Philadelphia 1776 1
TOP OF THE 8TH
Seattle Aviators batting - Pitching for Philadelphia 1776 BC : RHP Ken Frost
Batting: RHB Jay Parker 0-0: Called Strike
0-1: Ball
1-1: Swinging Strike
1-2: Ground out U3 (Groundball, 34)
Batting: LHB Kenny Webster 0-0: Ball
1-0: Fly out, F4 (Popup, 4)
Batting: RHB Sean Davis 0-0: Called Strike
0-1: Ball
1-1: Ball
2-1: Foul Ball, location: 2F
2-2: Ball
3-2: Foul Ball, location: 2F
3-2: SINGLE (Groundball, 34D)
Batting: RHB Tynan Hawkins 0-0: Ball
1-0: Fielders Choice at 2nd, 4-6 (Groundball, 4)
Top of the 8th over - 0 run(s), 1 hit(s), 0 error(s), 0 left on base; Seattle 4 - Philadelphia 1776 1
BOTTOM OF THE 8TH
Philadelphia 1776 BC batting - Pitching for Seattle Aviators : RHP Ron Stone
Batting: RHB Jesús Orozco 0-0: Foul Ball, location: 2F
0-1: Ground out 1-3 (Groundball, 15)
Batting: RHB Patrizio Vanali 0-0: Called Strike
0-1: Swinging Strike
0-2: Strikes out looking
Batting: RHB Dave Morris 0-0: Ball
1-0: SINGLE (Groundball, 4MD)
Pitching: RHP Rex Hood
Batting: RHB Russell Jackson 0-0: Foul Ball, location: 2F
0-1: Ball
1-1: Fly out, F7 (Flyball, 7LS)
Bottom of the 8th over - 0 run(s), 1 hit(s), 0 error(s), 1 left on base; Seattle 4 - Philadelphia 1776 1
TOP OF THE 9TH
Seattle Aviators batting - Pitching for Philadelphia 1776 BC : RHP Ken Frost
Batting: RHB Vernon Caw 0-0: SINGLE (Groundball, 34D)
Batting: RHB John MacGregor 0-0: Sac Bunt - play at first, batter OUT! 1-3
Vernon Caw to second
Batting: RHB Clarence Fox 0-0: Called Strike
0-1: Ball
1-1: Called Strike
1-2: Ball
2-2: 2-RUN HOME RUN (Flyball, 7D), Distance : 392 ft
Batting: RHB Bobby Christopher 0-0: Foul Ball, location: 2F
0-1: Ball
1-1: Called Strike
1-2: Strikes out swinging
Batting: LHB Jorge Mojica 0-0: Ball
1-0: Called Strike
1-1: Called Strike
1-2: Strikes out looking
Top of the 9th over - 2 run(s), 2 hit(s), 0 error(s), 0 left on base; Seattle 6 - Philadelphia 1776 1
BOTTOM OF THE 9TH
Philadelphia 1776 BC batting - Pitching for Seattle Aviators : RHP Rex Hood
Batting: LHB Tony Vega 0-0: Ball
1-0: Ball
2-0: Ball
3-0: Called Strike
3-1: Fly out, F8 (Flyball, 8LS)
Batting: LHB Cliff Aldridge 0-0: Called Strike
0-1: Ball
1-1: Swinging Strike
1-2: Ball
2-2: SINGLE (Line Drive, 9LS)
Batting: RHB Donald Thompson 0-0: Ball
1-0: Ball
2-0: Ball
3-0: Called Strike
3-1: Base on Balls
Cliff Aldridge to second
Batting: SHB Jesús Cabańe 0-0: Ball
1-0: SINGLE (Groundball, 4MD)
Cliff Aldridge to third
Donald Thompson to second
Runner from 3rd tries for Home, SAFE, no throw
Pitching: RHP Ken Hinkle
Batting: RHB Greg Robinson 0-0: Ball
1-0: Grounds into double play, 5-4-3 (Groundball, 56)
Bottom of the 9th over - 1 run(s), 2 hit(s), 0 error(s), 1 left on base; Seattle 6 - Philadelphia 1776 2
Friday, December 30th, 2016 - OOTP Baseball 17.12 Build 75